Map: 코랄 카니지 녹아웃 - 래더

Players

일라클

  • Race: Zerg Zerg
  • League: Master

Scarlett - Winner!

  • Race: Protoss Protoss
  • League: Diamond

VOD

Have the link to the VOD?

Description

Time

  • Played on: April 14, 2016, 12:06 a.m.
  • Length: 11:15
Show
View Real Time Build Order
Export as new Build Order

일라클 Zerg 

Build Orders: Pool First 

Get SALT Encoding   

  12  0:18  Spawning Pool  
  11  0:22  Drone  
  11  0:25  Drone  
  13  0:33  Drone  
  14  0:39  Overlord  
  14  1:06  Zergling x6  
  17  1:17  Zergling x2  
  18  1:24  Hatchery  
  17  1:32  Zergling x2  
  18  1:47  Drone  
  19  1:55  Drone  
  20  2:15  Drone x2  
  21  2:27  Overlord  
  21  2:30  Extractor  
  21  2:31  Queen  
  21  2:32  Extractor  
  21  2:39  Drone x2  
  21  2:40  Queen  
  25  2:49  Drone  
  25  2:50  Drone  
  27  2:57  Drone x2  
  29  3:06  Drone  
  29  3:11  Zergling x2  
  31  3:15  Metabolic Boost  
  31  3:16  Queen  
  31  3:17  Zergling x2  
  31  3:19  Zergling x2  
  35  3:27  Drone  
  35  3:33  Overlord  
  36  3:36  Overlord  
  36  3:42  Baneling Nest  
  35  3:59  Drone x2  
  35  4:00  Drone x4  
  35  4:02  Drone  
  42  4:19  Overlord x2  
  42  4:21  Drone x2  
  43  4:44  Zergling x4  
  43  4:45  Evolution Chamber, Pneumatized Carapace  
  44  4:46  Drone x5  
  44  4:47  Drone  
  50  5:03  Hatchery  
  49  5:12  Zergling x4, Drone  
  49  5:13  Drone x4  
  55  5:26  Drone x2  
  55  5:27  Overlord x2  
  57  5:42  Zergling x4  
  59  5:45  Zerg Ground Armor Level 1  
  59  5:47  Extractor  
  59  5:49  Extractor  
  57  5:54  Lair  
  57  5:59  Roach Warren  
  57  6:01  Zergling x2  
  57  6:02  Zergling x6  
  60  6:07  Baneling x5  
  60  6:08  Baneling x7  
  60  6:09  Baneling x4  
  60  6:10  Zergling x4  
  62  6:16  Baneling x3  
  62  6:21  Baneling  
  62  6:36  Drone x8  
  69  7:05  Spore Crawler  
  69  7:06  Spore Crawler  
  69  7:07  Spore Crawler, Drone  
  69  7:08  Drone x9  
  71  7:09  Spore Crawler  
  68  7:16  Drone  
  68  7:17  Drone x2  
  68  7:18  Spore Crawler, Queen  
  68  7:19  Spore Crawler  
  68  7:22  Zergling x4  
  73  7:23  Baneling x4  
  73  7:25  Baneling x2  
  73  7:26  Baneling x3  
  71  7:31  Spore Crawler x2  
  61  7:38  Hydralisk Den  
  61  7:40  Overlord  
  55  7:44  Queen  
  50  8:16  Drone  
  50  8:17  Drone x3  
  50  8:19  Spore Crawler  
  52  8:20  Spore Crawler x2  
  52  8:21  Drone x3  
  52  8:24  Overlord x3  
  52  8:26  Extractor  
  52  8:30  Spore Crawler  
  51  8:41  Queen, Muscular Augments  
  51  8:43  Overlord x2  
  51  8:45  Hydralisk x2  
  51  8:46  Hydralisk  
  57  8:50  Spore Crawler  
  55  9:02  Zerg Missile Weapons Level 1  
  44  9:08  Hydralisk  
  44  9:09  Hydralisk x2  
  46  9:10  Drone  
  47  9:24  Spore Crawler  
  44  9:28  Drone x4  
  48  9:34  Spore Crawler  
  47  9:47  Drone x5  
  49  9:54  Hydralisk  
  38  10:03  Hydralisk  
  38  10:04  Hydralisk  
  31  10:16  Drone x2  
  31  10:17  Drone  
  34  10:27  Baneling x4  
  34  10:34  Drone  
  34  10:35  Drone  
  36  10:49  Drone x4  
  40  10:52  Spore Crawler  
Show
View Real Time Build Order
Export as new Build Order

Scarlett Protoss - Winner!

Build Orders:  

Get SALT Encoding   

  12  0:01  Probe (Chrono Boost)  
  13  0:12  Probe (Chrono Boost)  
  14  0:17  Pylon  
  14  0:22  Probe (Chrono Boost)  
  15  0:35  Probe (Chrono Boost)  
  16  0:36  Gateway  
  16  0:46  Probe (Chrono Boost)  
  17  0:52  Assimilator  
  17  0:56  Probe (Chrono Boost)  
  18  1:07  Probe (Chrono Boost)  
  18  1:09  Pylon  
  19  1:18  Probe (Chrono Boost)  
  20  1:23  Cybernetics Core  
  20  1:28  Probe (Chrono Boost)  
  21  1:39  Probe (Chrono Boost)  
  22  1:46  Zealot (Chrono Boost)  
  24  1:51  Probe  
  25  1:58  Pylon  
  25  2:17  Mothership Core (Chrono Boost)  
  27  2:26  Adept  
  29  2:35  Probe (Chrono Boost)  
  30  2:46  Probe (Chrono Boost)  
  30  2:50  Nexus  
  31  2:51  Pylon  
  31  2:56  Probe (Chrono Boost)  
  32  3:02  Stalker (Chrono Boost)  
  34  3:06  Warp Gate  
  34  3:07  Probe  
  35  3:19  Probe  
  36  3:31  Probe  
  37  3:34  Nexus  
  37  3:41  Pylon  
  37  3:43  Probe  
  38  3:56  Probe (Chrono Boost), Assimilator  
  38  4:01  Assimilator  
  39  4:03  Probe (Chrono Boost)  
  39  4:07  Probe (Chrono Boost)  
  41  4:11  Pylon  
  41  4:14  Probe (Chrono Boost)  
  42  4:18  Probe (Chrono Boost)  
  43  4:25  Probe (Chrono Boost)  
  43  4:26  Stargate  
  43  4:29  Stargate  
  43  4:31  Probe (Chrono Boost)  
  45  4:35  Probe (Chrono Boost)  
  45  4:37  Adept  
  48  4:43  Probe (Chrono Boost)  
  49  4:46  Probe x2 (Chrono Boost)  
  49  4:51  Pylon  
  51  4:54  Probe (Chrono Boost)  
  51  4:56  Probe (Chrono Boost)  
  51  4:58  Probe (Chrono Boost)  
  54  5:04  Probe (Chrono Boost)  
  55  5:07  Probe (Chrono Boost)  
  55  5:08  Probe (Chrono Boost), Assimilator  
  55  5:09  Oracle (Chrono Boost)  
  55  5:12  Oracle (Chrono Boost)  
  55  5:13  Probe  
  63  5:17  Assimilator  
  63  5:18  Adept  
  66  5:23  Probe x2  
  66  5:24  Probe  
  67  5:29  Stargate  
  67  5:32  Pylon  
  67  5:34  Probe  
  67  5:35  Probe x2  
  70  5:44  Oracle (Chrono Boost)  
  70  5:45  Probe  
  70  5:47  Probe x2  
  76  5:55  Probe  
  76  5:59  Probe x2, Oracle (Chrono Boost)  
  82  6:06  Probe  
  83  6:11  Probe x2  
  83  6:13  Oracle (Chrono Boost)  
  83  6:17  Oracle (Chrono Boost)  
  91  6:19  Probe  
  91  6:23  Probe x2  
  91  6:25  Assimilator  
  94  6:27  Protoss Air Weapons Level 1  
  94  6:31  Probe  
  95  6:35  Probe x2, Pylon  
  95  6:36  Forge  
  100  6:40  Oracle (Chrono Boost)  
  100  6:43  Probe  
  101  6:53  Probe x2, Pylon x2, Oracle (Chrono Boost)  
  106  6:54  Pylon  
  106  6:55  Probe, Pylon  
  106  7:01  Pylon, Adept  
  103  7:05  Probe x2  
  103  7:07  Probe  
  90  7:12  Phoenix x2 (Chrono Boost)  
  90  7:17  Probe x2  
  90  7:19  Probe  
  93  7:24  Phoenix (Chrono Boost)  
  93  7:29  Probe x2  
  97  7:31  Probe  
  98  7:41  Probe  
  98  7:43  Probe x2  
  101  7:53  Probe  
  101  7:55  Probe x2  
  93  8:05  Probe  
  94  8:06  Stalker  
  94  8:07  Probe x2  
  98  8:17  Probe, Oracle x3 (Chrono Boost)  
  98  8:19  Probe  
  110  8:20  Probe  
  110  8:29  Probe  
  110  8:31  Probe  
  110  8:32  Probe  
  113  8:35  Protoss Shields Level 1  
  113  8:41  Probe  
  113  8:43  Probe  
  113  8:44  Probe  
  113  8:48  Oracle (Chrono Boost)  
  119  8:56  Oracle (Chrono Boost)  
  119  8:57  Oracle (Chrono Boost)  
  125  9:10  Probe  
  125  9:13  Pylon  
  126  9:17  Gateway  
  126  9:19  Gateway  
  126  9:21  Gateway  
  126  9:25  Oracle (Chrono Boost)  
  126  9:26  Gateway  
  126  9:28  Probe x2, Oracle x2 (Chrono Boost)  
  126  9:29  Gateway, Probe  
  126  9:31  Gateway x2  
  138  9:32  Gateway  
  138  9:36  Gateway  
  138  9:40  Probe  
  138  9:42  Gateway  
  139  9:46  Pylon  
  139  9:47  Pylon  
  136  9:56  Oracle (Chrono Boost)  
  136  9:59  Oracle x2 (Chrono Boost)  
  136  10:27  Oracle (Chrono Boost)  
  139  10:30  Oracle (Chrono Boost)  
  139  10:31  Oracle (Chrono Boost)  
  139  10:33  Zealot  
  139  10:34  Zealot x7  
  161  10:44  Probe x2  
  163  10:57  Zealot x2  
  163  10:58  Zealot  
Tags
 
Add a new tag
Caveats
  • Supply blocks, unpowered buildings, or Contaminate may cause inaccurate times.
  • Supply counts are checked every 10 seconds.